 Dungeon Sprint DCSS version 0.29-a0-337-g68df138881 (webtiles) character file.

Game seed: 15418665943173710550

52649 mhtbhm the Axe Maniac (level 14, -26/168 HPs)
             Began as a Minotaur Berserker on Apr 17, 2022.
             Was the Champion of Trog.
             Killed from afar by a fire giant (44 damage)
             ... with a fireball
             ... in the Dungeon (Sprint IX: "|||||||||||||||||||||||||||||").
             The game lasted 00:09:18 (5868 turns).

mhtbhm the Axe Maniac (Minotaur Berserker)          Turns: 5868, Time: 00:09:19

Health: -26/168    AC: 19    Str: 29    XL:     14   Next: 27%
Magic:  13/13      EV: 18    Int:  4    God:    Trog [******]
Gold:   711        SH:  0    Dex: 11    Spells: 13/13 levels left

rFire   . . .      SeeInvis +   a - +3 executioner's axe (flame)
rCold   . . .      Faith    .   (shield currently unavailable)
rNeg    . . .      Spirit   .   b - +0 swamp dragon scales
rPois   +          Reflect  .   (helmet restricted)
rElec   .          Harm     .   s - +0 cloak
rCorr   .          Rampage  .   B - +1 pair of gloves
Will    +....      NoTele   +   l - +0 pair of boots
Stlth   ++........              (no amulet)
HPRegen 0.38/turn               m - +3 ring of strength
MPRegen 0.13/turn               y - ring of see invisible

@: on berserk cooldown
A: horns 2, retaliatory headbutt
a: Renounce Religion, Berserk, Trog's Hand, Brothers in Arms


You were in the Dungeon.
You worshipped Trog.
Trog was exalted by your worship.
You visited 1 branch You collected 1923 gold pieces.
You spent 1212 gold pieces at shops.

Inventory:

Hand Weapons
 a - a +3 executioner's axe of flaming (weapon)
Missiles
 o - 12 poisoned darts
 u - 12 javelins
 v - 5 curare-tipped darts (quivered)
 E - 4 throwing nets
Armour
 b - +0 swamp dragon scales (worn)
 l - a +0 pair of boots (worn)
 s - a +0 cloak (worn)
 B - a +1 pair of gloves (worn)
Jewellery
 m - a +3 ring of strength (left hand)
 x - a ring of fire
 y - a ring of see invisible (right hand)
 z - a ring of ice
 A - a ring of willpower
Wands
 j - a wand of iceblast (6)
 D - a wand of polymorph (4)
Scrolls
 k - 4 scrolls of enchant armour
 p - 4 scrolls of enchant weapon
 q - 2 scrolls of fog
 r - 3 scrolls of identify
 w - a scroll of silence
 C - a scroll of fear
Potions
 c - 17 potions of curing
 d - 4 potions of heal wounds
 e - 2 potions of haste
 f - 5 potions of magic
 g - 2 potions of berserk rage
 i - a potion of invisibility
 n - a potion of might
 t - 2 potions of lignification {unknown}


   Skills:
 O Level 27 Fighting
 O Level 27 Axes
 + Level 3.7 Throwing
 + Level 17.7 Armour
 + Level 18.5 Dodging
 + Level 6.0 Stealth
 + Level 3.2 Evocations


You had 13 spell levels left.
You didn't know any spells.
Your spell library was empty.

Dungeon Overview and Level Annotations

Branches:
Dungeon (1/1)

Altars:
Cheibriados
Dithmenos
Elyvilon
Fedhas
Gozag
Hepliaklqana
Kikubaaqudgha
Makhleb
Nemelex Xobeh
Okawaru
Qazlal
Ru
Sif Muna
Trog
Uskayaw
Vehumet
Wu Jian
Xom
Yredelemnul
Zin
The Shining One
Beogh
Jiyva
Lugonu

Shops:
D *:!(


Innate Abilities, Weirdness & Mutations

You have a pair of horns on your head.
You reflexively headbutt those who attack you in melee.


Message History

The spriggan air mage barely misses your iron troll.
Your iron troll completely misses the spriggan air mage.
Your iron troll claws the spriggan air mage!
Your iron troll closely misses the spriggan air mage.
Something hits your iron troll but does no damage.
The spriggan air mage casts a spell at you.
The bolt of lightning hits your iron troll!!
The bolt of lightning hits you!!
* * * LOW HITPOINT WARNING * * *
Something hits your iron troll but does no damage.
Your iron troll barely misses the spriggan air mage.
Your iron troll claws the spriggan air mage!!!
Your iron troll misses the spriggan air mage.
Something hits your iron troll!
Something hits your iron troll but does no damage.
Your iron troll barely misses the spriggan air mage.
Your iron troll claws the spriggan air mage!
Your iron troll barely misses the spriggan air mage.
Something hits your iron troll but does no damage.
Something hits your iron troll but does no damage.
You hear a shout!
You start resting.
You feel yourself speed up.
Your iron troll rages.
Unknown command.
The spriggan air mage points at you and mumbles some strange words.
The bolt of lightning hits your iron troll!!
The bolt of lightning hits you!
* * * LOW HITPOINT WARNING * * *
The bolt of lightning misses you.
Your iron troll barely misses the spriggan air mage.
Your iron troll claws the spriggan air mage!!
The spriggan air mage dies!
Trog accepts your kill.
Trog appreciates your killing of a magic user.
Your Stealth skill increases to level 6!
You start resting.
The fireball explodes!
The fireball engulfs your iron troll!
Your iron troll resists.
The fireball engulfs you!!!
You die...

..................▓
▓▓▓▓▓▓▓▓▓▓▓▓▓▓▓▓▓.▓
))).....'.........▓
▓▓▓▓▓▓▓▓▓▓▓▓▓▓▓▓▓▓▓
..................▓
▓▓▓▓▓▓▓▓▓▓▓▓▓▓▓▓▓.▓
).').......)......▓
▓▓▓▓▓▓▓▓▓▓▓▓▓▓▓▓▓▓▓
................@.▓
▓▓▓▓▓▓▓▓▓▓▓▓▓▓▓▓▓T▓
i)).i.....i.T....[▓
▓▓▓▓▓▓▓▓▓▓▓▓▓▓▓▓▓▓▓


You could see a friendly iron troll (summoned, berserk).

Vanquished Creatures
  Saint Roka (D)
  A fire giant (D)
  An emperor scorpion (D)
  A stone giant (D)
  Azrael (D)
  An eleionoma (D)
  A bunyip (D)
  2 entropy weavers (D)
  3 fire dragons (D)
  An ettin (D)
  A merfolk javelineer (D)
  A rakshasa (D)
  An ice dragon (D)
  Harold (D)
  2 hydras (D)
  Erolcha (D)
  A boulder beetle (D)
  A jorogumo (D)
  2 centaur warriors (D)
  A ghost crab (D)
  A merfolk avatar (D)
  2 naga warriors (D)
  2 alligators (D)
  2 tengu warriors (D)
  Urug (D)
  9 orc high priests (D)
  A deep troll earth mage (D)
  A shock serpent (D)
  2 hell knights (D)
  Nergalle (D)
  A sun moth (D)
  A goliath frog (D)
  A swamp dragon (D)
  4 orc knights (D)
  A mana viper (D)
  An ugly thing (D)
  A wolf spider (D)
  2 cyclopes (D)
  3 manticores (D)
  A moth of wrath (D)
  8 elephants (D)
  2 guardian serpents (D)
  4 black mambas (D)
  2 cane toads (D)
  2 komodo dragons (D)
  A rime drake (D)
  A kobold demonologist (D)
  A tengu conjurer (D)
  A meliai (D)
  2 merfolk (D)
  A bloated husk (D)
  A wind drake (D)
  A polar bear (D)
  A tarantella (D)
  3 blink frogs (D)
  2 snapping turtles (D)
  A culicivora (D)
  2 yaks (D)
  A shadow (D)
  3 basilisks (D)
  A wraith (D)
  2 fire elementals (D)
  2 hell hounds (D)
  2 water moccasins (D)
  9 orc warriors (D)
  A wolf (D)
  A kobold brigand (D)
  2 bullfrogs (D)
  2 killer bees (D)
  A hound (D)
  6 orc priests (D)
  A jelly (D)
  7 orc wizards (D)
  2 adders (D)
  8 orcs (D)
  A bat (D)
  2 endoplasms (D)
  A goblin (D)
  A quokka (D)
155 creatures vanquished.

Vanquished Creatures (collateral kills)
  A sphinx (D)
  A vampire knight (D)
  A rakshasa (D)
  2 spriggan air magi (D)
  A manticore (D)
  A cyclops (D)
7 creatures vanquished.

Vanquished Creatures (others)
  A bloated husk (D)
1 creature vanquished.

Grand Total: 163 creatures vanquished

Notes
Turn   | Place    | Note
-------+----------+-------------------------------------------
     0 | D        | mhtbhm the Minotaur Berserker began the quest for the Orb.
     0 | D        | Reached XP level 1. HP: 19/19 MP: 0/0
     8 | D        | Reached ** piety under Trog
    18 | D        | Noticed a water moccasin
    18 | D        | Noticed a jelly
    18 | D        | Noticed a hound
    20 | D        | Reached skill level 5 in Fighting
    20 | D        | Reached skill level 5 in Axes
    20 | D        | Reached XP level 2. HP: 29/29 MP: 1/1
    22 | D        | Reached *** piety under Trog
    23 | D        | Reached XP level 3. HP: 37/37 MP: 2/2
    26 | D        | Reached XP level 4. HP: 45/45 MP: 3/3
    34 | D        | Killed a water moccasin
    35 | D        | Reached XP level 5. HP: 38/56 MP: 4/4
    44 | D        | Found a snail-covered altar of Cheibriados.
    44 | D        | Found a shadowy altar of Dithmenos.
    44 | D        | Found a white marble altar of Elyvilon.
    44 | D        | Found a blossoming altar of Fedhas.
    44 | D        | Found an opulent altar of Gozag.
    45 | D        | Found a hazy altar of Hepliaklqana.
    46 | D        | Found a viscous altar of Jiyva.
    47 | D        | Found an ancient bone altar of Kikubaaqudgha.
    48 | D        | Found a corrupted altar of Lugonu.
    49 | D        | Found a burning altar of Makhleb.
    50 | D        | Found a sparkling altar of Nemelex Xobeh.
    51 | D        | Found an iron altar of Okawaru.
    52 | D        | Found a stormy altar of Qazlal.
    53 | D        | Found a sacrificial altar of Ru.
    54 | D        | Found a shimmering blue altar of Sif Muna.
    55 | D        | Found a bloodstained altar of Trog.
    56 | D        | Found a hide-covered altar of Uskayaw.
    57 | D        | Found a radiant altar of Vehumet.
    58 | D        | Found an ornate altar of the Wu Jian Council.
    59 | D        | Found a shimmering altar of Xom.
    60 | D        | Found a basalt altar of Yredelemnul.
    61 | D        | Found a glowing silver altar of Zin.
    62 | D        | Found a glowing golden altar of the Shining One.
   255 | D        | Noticed a shadow
   255 | D        | Noticed a yak
   257 | D        | Reached **** piety under Trog
   258 | D        | Killed a yak
   259 | D        | Reached skill level 10 in Fighting
   259 | D        | Reached skill level 5 in Armour
   259 | D        | Reached skill level 5 in Dodging
   259 | D        | Reached XP level 6. HP: 67/67 MP: 5/5
   266 | D        | Killed a shadow
   267 | D        | Reached XP level 7. HP: 74/74 MP: 6/6
   268 | D        | Reached ***** piety under Trog
   350 | D        | Noticed a kobold demonologist
   350 | D        | Noticed a cyclops
   350 | D        | Noticed a wraith
   350 | D        | Noticed a centaur warrior
   350 | D        | Noticed a manticore
   350 | D        | Noticed a basilisk
   352 | D        | Killed a basilisk
   356 | D        | Killed a manticore
   357 | D        | Reached XP level 8. HP: 86/86 MP: 7/7
   360 | D        | Killed a centaur warrior
   361 | D        | Reached skill level 15 in Axes
   371 | D        | Killed a cyclops
   372 | D        | Reached XP level 9. HP: 79/96 MP: 8/8
   374 | D        | Noticed a hellwing
   381 | D        | Killed a kobold demonologist
   595 | D        | Noticed a cane toad
   595 | D        | Noticed a cane toad
   595 | D        | Noticed a rime drake
   595 | D        | Noticed a seven-headed hydra
   598 | D        | Reached skill level 15 in Fighting
   598 | D        | Identified the +4 battleaxe of Expedience {flame, Int-4
                  | Dex+5} (Trog gifted it to you in the Dungeon)
   598 | D        | Received a gift from Trog
   601 | D        | Killed a nine-headed hydra
   601 | D        | Noticed a komodo dragon
   607 | D        | Killed a rime drake
   613 | D        | Killed a cane toad
   614 | D        | Reached XP level 10. HP: 82/107 MP: 9/9
   619 | D        | Killed a cane toad
   620 | D        | Reached skill level 10 in Dodging
   625 | D        | Reached skill level 10 in Armour
   923 | D        | Reached ****** piety under Trog
  1029 | D        | Noticed a boulder beetle
  1029 | D        | Noticed a six-headed hydra
  1031 | D        | Reached skill level 1 in Stealth
  1035 | D        | Killed a three-headed hydra
  1037 | D        | Noticed a black mamba
  1042 | D        | Killed a boulder beetle
  1050 | D        | Killed a black mamba
  1216 | D        | Noticed an elephant
  1216 | D        | Noticed an elephant
  1216 | D        | Noticed an elephant
  1216 | D        | Noticed an elephant
  1216 | D        | Noticed an elephant
  1216 | D        | Noticed an elephant
  1218 | D        | Killed an elephant
  1219 | D        | Noticed an elephant
  1221 | D        | Killed an elephant
  1222 | D        | Reached XP level 11. HP: 107/118 MP: 10/10
  1227 | D        | Received a gift from Trog
  1575 | D        | Noticed Erolcha
  1585 | D        | Killed Erolcha
  1783 | D        | Received a gift from Trog
  1784 | D        | Noticed an orc high priest
  1801 | D        | Killed an orc high priest
  1805 | D        | Received a gift from Trog
  1861 | D        | Noticed an orc knight
  1861 | D        | Noticed an orc knight
  1862 | D        | Noticed an orc knight
  1867 | D        | Noticed an orc knight
  1871 | D        | Killed an orc knight
  1871 | D        | Received a gift from Trog
  1874 | D        | Killed an orc knight
  1880 | D        | Killed an orc knight
  1886 | D        | Killed an orc knight
  2154 | D        | Found Vifitofa's Weapon Boutique.
  2154 | D        | Noticed an orc high priest
  2154 | D        | Noticed an orc high priest
  2155 | D        | Noticed an orc high priest
  2157 | D        | Killed an orc high priest
  2157 | D        | Received a gift from Trog
  2158 | D        | Noticed an orc high priest
  2160 | D        | Noticed a sixfirhy
  2161 | D        | Found Rauxkocw's Distillery.
  2166 | D        | Found Ehivei Erap's Book Boutique.
  2167 | D        | Noticed a sixfirhy
  2171 | D        | Killed an orc high priest
  2173 | D        | Killed an orc high priest
  2174 | D        | Reached XP level 12. HP: 60/134 MP: 11/11
  2180 | D        | Killed an orc high priest
  2182 | D        | Noticed an orc high priest
  2188 | D        | Received a gift from Trog
  2193 | D        | Killed an orc high priest
  2233 | D        | Noticed an orc high priest
  2243 | D        | Killed an orc high priest
  2617 | D        | Found Fohoffibb's General Store.
  2622 | D        | Noticed an orc high priest
  2623 | D        | Noticed an orc high priest
  2630 | D        | Killed an orc high priest
  2637 | D        | Killed an orc high priest
  2638 | D        | Reached skill level 1 in Evocations
  2684 | D        | Bought 4 javelins for 32 gold pieces
  2684 | D        | Bought 6 curare-tipped darts for 36 gold pieces
  2686 | D        | Bought 2 potions of curing for 84 gold pieces
  2686 | D        | Bought a potion of curing for 42 gold pieces
  2686 | D        | Bought a potion of magic for 112 gold pieces
  2686 | D        | Bought a potion of haste for 140 gold pieces
  2686 | D        | Bought a potion of curing for 42 gold pieces
  2686 | D        | Bought a potion of curing for 42 gold pieces
  2686 | D        | Bought 2 potions of heal wounds for 140 gold pieces
  2686 | D        | Bought a potion of curing for 42 gold pieces
  2690 | D        | Bought a scroll of silence for 97 gold pieces
  2690 | D        | Bought 4 poisoned darts for 20 gold pieces
  2696 | D        | Bought the +2 leather armour of Yredelemnul, Blushing {rN+
                  | Str+3} for 383 gold pieces
  3000 | D        | Noticed a tengu warrior
  3000 | D        | Noticed a centaur warrior
  3002 | D        | Killed a centaur warrior
  3004 | D        | Killed a tengu warrior
  3009 | D        | Noticed a vampire knight
  3019 | D        | Noticed a tengu warrior
  3020 | D        | Noticed a fire giant
  3022 | D        | Killed a vampire knight
  3022 | D        | Received a gift from Trog
  3065 | D        | Killed a fire giant
  3065 | D        | Received a gift from Trog
  3069 | D        | Killed a tengu warrior
  3213 | D        | Noticed an ettin
  3219 | D        | Killed an ettin
  3232 | D        | Noticed a rakshasa
  3240 | D        | Killed a rakshasa
  3348 | D        | Noticed a deep troll earth mage
  3355 | D        | Killed a deep troll earth mage
  3355 | D        | Received a gift from Trog
  3462 | D        | Noticed Nergalle
  3476 | D        | Killed Nergalle
  3551 | D        | Noticed Urug
  3562 | D        | Killed Urug
  3563 | D        | Reached XP level 13. HP: 21/148 MP: 12/12
  3964 | D        | Received a gift from Trog
  4111 | D        | Noticed a merfolk javelineer
  4120 | D        | Killed a merfolk javelineer
  4129 | D        | Received a gift from Trog
  4621 | D        | Noticed an entropy weaver
  4621 | D        | Noticed an emperor scorpion
  4621 | D        | Noticed an entropy weaver
  4624 | D        | Received a gift from Trog
  4626 | D        | Killed an entropy weaver
  4635 | D        | Killed an emperor scorpion
  4642 | D        | Killed an entropy weaver
  4644 | D        | Received a gift from Trog
  4652 | D        | Reached skill level 27 in Axes
  4977 | D        | Noticed a bunyip
  4977 | D        | Noticed an eleionoma
  4985 | D        | Reached skill level 15 in Armour
  4987 | D        | Killed an eleionoma
  4987 | D        | Received a gift from Trog
  4997 | D        | Killed a bunyip
  5003 | D        | Received a gift from Trog
  5005 | D        | Reached skill level 27 in Fighting
  5252 | D        | Noticed Azrael
  5255 | D        | Reached skill level 15 in Dodging
  5260 | D        | Noticed Harold
  5263 | D        | Killed Azrael
  5267 | D        | Noticed Saint Roka
  5268 | D        | Killed Harold
  5268 | D        | Received a gift from Trog
  5281 | D        | Killed Saint Roka
  5282 | D        | Reached skill level 1 in Throwing
  5282 | D        | Reached skill level 5 in Stealth
  5282 | D        | Reached XP level 14. HP: 113/168 MP: 13/13
  5518 | D        | Noticed a stone giant
  5526 | D        | Received a gift from Trog
  5531 | D        | Killed a stone giant
  5540 | D        | Noticed a sphinx
  5836 | D        | Received a gift from Trog
  5847 | D        | Killed a sphinx
  5868 | D        | Killed from afar by a fire giant

Illustrated notes

Levels and vault maps discovered:
D:        linesprint [early_d, line_temple, items_1, d_10, items_2, lair_1,
          lair_end, items_3, orc_1, orc_end, items_4, d_15, swamp_1, shoals_1,
          snake_1, spider_1, d_20, vaults_1, items_5, swamp_end, shoals_end,
          snake_end, spider_end, vaults_end, d_27, items_6, zot_1, zot_end,
          crypt_end, forest_end, elf_end, slime_end, tomb_end, abyss_end,
          pan_hell_end]

Skill      XL: |  1  2  3  4  5  6  7  8  9 10 11 12 13 14 |
---------------+-------------------------------------------+-----
Fighting       | 5 6 8 10 11 13 14 15 17 20 23 27 | 27.0
Axes           | 5 6 7 9 11 12 14 16 18 20 22 25 27 | 27.0
Armour         | 3 4 5 6 7 8 9 11 13 14 16 17 | 17.7
Dodging        | 3 4 5 6 7 8 9 11 12 13 16 18 | 18.5
Stealth        | 1 3 4 5 6 |  6.0
Evocations     | 2 3 |  3.2
Throwing       | 1 3 |  3.7

Action                   |  1- 3 |  4- 6 |  7- 9 | 10-12 | 13-15 || total
-------------------------+-------+-------+-------+-------+-------++-------
Melee: Hand axe          |    14 |    12 |       |       |       ||    26
       Headbutt          |     1 |     2 |    13 |    42 |    30 ||    88
       Broad axe         |       |     8 |    42 |    10 |       ||    60
       Battleaxe         |       |       |       |   109 |       ||   109
       Executioner's axe |       |       |       |    88 |   148 ||   236
Throw: Dart              |       |       |       |       |     3 ||     3
Invok: Berserk           |     1 |     1 |     2 |     6 |     7 ||    17
       Brothers in Arms  |       |       |       |     1 |     1 ||     2
Evoke: Wand              |       |       |       |     4 |       ||     4
  Use: Potion            |       |       |       |     4 |     3 ||     7
       Scroll            |       |       |       |     2 |     1 ||     3
 Stab: Sleeping          |       |       |       |     1 |       ||     1
Armor: Ring mail         |       |     2 |    15 |    25 |       ||    42
       Swamp dragon scal |       |       |       |    17 |    49 ||    66
Dodge: Dodged            |     8 |    10 |    26 |    83 |    72 ||   199

Table legend: (Time is in decaauts)
 A = Elapsed time spent in this place.
 B = Non-inter-level travel time spent in this place.
 C = Inter-level travel time spent in this place.
 D = Time resting spent in this place.
 E = Time spent auto-exploring this place.
 F = Levels seen in this place.
 G = Mean time per level.
                   A        B        C        D        E       F      G
               +--------+--------+--------+--------+--------+-----+--------+
         Total |   5888 |   5888 |      0 |   4187 |    191 |   1 | 5888.0 |
       Dungeon |   5888 |   5888 |      0 |   4187 |    191 |   1 | 5888.0 |
               +--------+--------+--------+--------+--------+-----+--------+

Top non-repeatable levels by time:
       D: 5888 daAuts
